AoeStats
← pifitofo

Black Forest

508684048Analyzed
4v4 RM · 10d ago on Sep 23, 2026· 55m 59s· 8 players
Game mode
Random Map
Map size
Large (8 player)
Population
200
Speed
Normal
Resources
Standard
Victory
Conquest
Starting age
Dark Age
Ending age
Imperial Age
RankedLock teamsTeams togetherTeam positionsShared explorationLock speedFull tech treeHidden civsTurbo modeCheats
Victory
Defeat
🇹🇼 Khmer · Taiwan
1016
+12
🇹🇼 Italians · Taiwan
993
+13
🇨🇳 Bohemians · China
978
+13
🇦🇷 Lithuanians · Argentina
799
+21
🇸🇰 Burgundians · Slovakia
958
-16
🇹🇼 Danes · Taiwan
942
-16
🇲🇽 Koreans · Mexico
931
-15
🇪🇸 Persians · Spain
843
-12
Harjeim
10:48 Feudal Age
11:19 Double-Bit Axe
12:14 Wheelbarrow
15:02 Castle Age
13:12 Double-Bit Axe
13:23 Horse Collar
17:04 Loom
23:42 Bow Saw
23:36 Heavy Plow
24:26 Gold Mining
24:30 Stone Mining
27:14 Gold Shaft Mining
27:30 Stone Shaft Mining
27:15 Forging
27:05 Scale Mail Armor
27:10 Scale Barding Armor
27:06 Padded Archer Armor
30:19 Imperial Age
28:05 Hand Cart
29:24 Caravan
29:16 Fletching
30:02 Iron Casting
29:42 Chain Mail Armor
29:47 Chain Barding Armor
30:38 Leather Archer Armor
31:56 Chemistry
30:36 Pikeman
31:17 Squires
31:59 Light Cavalry
32:49 Bloodlines
34:19 Two-Man Saw
33:55 Crop Rotation
33:49 Crossbowman
34:34 Thumb Ring
34:41 Elite Skirmisher
35:46 Husbandry
35:52 Hussar
38:48 Cavalier
40:27 Plate Barding Armor
40:52 Blast Furnace
42:00 Halberdier
45:02 Bodkin Arrow
45:38 Ring Archer Armor
45:39 Plate Mail Armor
48:54 Kamandaran
49:15 Conscription
49:38 Elite War Elephant
Tr3vorTW
0:52 Loom
12:50 Feudal Age
17:22 Castle Age
16:14 Stone Mining
16:14 Horse Collar
18:42 Double-Bit Axe
19:00 Heavy Plow
21:44 Fletching
26:24 Bow Saw
31:05 Imperial Age
29:11 Bodkin Arrow
29:23 Gold Mining
30:29 Masonry
31:22 Wheelbarrow
32:13 Conscription
32:06 Onager
33:45 Bracer
35:15 Hand Cart
35:48 Ballistics
35:43 Siege Onager
39:23 Gold Shaft Mining
39:26 Stone Shaft Mining
39:45 Conscription
39:04 Elite Varangian Guard
39:47 Squires
40:01 Forging
39:52 Scale Mail Armor
39:53 Pikeman
41:37 Halberdier
43:11 Chain Mail Armor
43:32 Iron Casting
44:00 Chemistry
43:04 Arson
42:46 Hamask
44:41 Northmen's Fury
47:13 Caravan
pifitofo
3:29 Loom
11:18 Feudal Age
16:20 Castle Age
14:29 Double-Bit Axe
14:28 Horse Collar
17:55 Heavy Plow
21:26 Wheelbarrow
22:49 Bow Saw
27:04 Hand Cart
27:10 Gold Mining
27:15 Stone Mining
33:39 Imperial Age
32:19 Forging
32:10 Scale Mail Armor
32:01 Fletching
32:50 Gold Shaft Mining
32:50 Stone Shaft Mining
32:39 Squires
32:57 Caravan
34:24 Bodkin Arrow
35:05 Iron Casting
34:45 Chain Mail Armor
35:07 Conscription
34:11 Elite War Wagon
35:18 Ballistics
36:52 Two-Man Saw
35:23 Elite Fire Lancer
37:02 Bracer
37:08 Scale Barding Armor
40:16 Chemistry
39:22 Treadmill Crane
39:54 Masonry
40:26 Plate Mail Armor
40:17 Chain Barding Armor
40:27 Murder Holes
41:03 Pikeman
41:52 Siege Engineers
43:18 Architecture
42:14 Halberdier
Adamer64
1:29 Loom
14:47 Feudal Age
15:44 Double-Bit Axe
22:46 Castle Age
21:59 Bow Saw
22:23 Gold Mining
22:25 Horse Collar
22:53 Stone Mining
24:52 Two-Man Saw
26:13 Scale Barding Armor
27:32 Fortified Wall
28:11 Wheelbarrow
28:17 Chain Barding Armor
29:08 Burgundian Vineyards
30:29 Forging
31:22 Gold Shaft Mining
30:56 Heavy Plow
32:28 Hand Cart
36:55 Imperial Age
34:35 Fletching
36:26 Iron Casting
36:32 Bodkin Arrow
36:29 Town Watch
37:19 Crop Rotation
37:03 Husbandry
38:12 Plate Barding Armor
38:08 Conscription
38:14 Bracer
38:55 Ballistics
40:34 Hoardings
40:12 Masonry
40:21 Padded Archer Armor
41:28 Architecture
42:21 Chemistry
41:51 Elite Coustillier
43:40 Blast Furnace
43:57 Leather Archer Armor
43:35 Elite Skirmisher
46:31 Cavalier
Deadpool39
0:44 Loom
10:34 Feudal Age
11:12 Double-Bit Axe
11:33 Horse Collar
13:55 Man-at-Arms
19:29 Castle Age
19:14 Stone Mining
20:29 Wheelbarrow
20:41 Town Watch
22:26 Padded Archer Armor
28:37 Imperial Age
31:07 Fletching
31:23 Gold Mining
36:21 Chemistry
35:45 Caravan
35:31 Elite Leitis
37:42 Conscription
38:15 Forging
38:10 Scale Barding Armor
39:24 Ballistics
40:41 Chain Barding Armor
41:18 Elite Skirmisher
44:51 Stone Shaft Mining
44:53 Plate Barding Armor
44:54 Iron Casting
46:44 Tower Shields
48:05 Bow Saw
47:58 Heavy Plow
48:04 Bodkin Arrow
48:25 Leather Archer Armor
48:05 Guard Tower
49:13 Onager
54:49 Keep
56:27 Bracer
big chong
0:40 Loom
10:58 Feudal Age
15:20 Castle Age
14:00 Double-Bit Axe
14:00 Horse Collar
18:03 Bow Saw
23:56 Wheelbarrow
23:09 Town Watch
25:31 Heavy Plow
26:36 Hand Cart
26:23 Town Patrol
28:39 Ballistics
31:06 Imperial Age
30:11 Gold Mining
31:03 Caravan
32:27 Crop Rotation
32:33 Conscription
33:12 Double Crossbow
34:35 Chemistry
33:47 Masonry
34:03 Elite Ballista Elephant
35:50 Coinage
36:28 Hoardings
36:41 Gold Shaft Mining
36:22 Scale Barding Armor
36:12 Fletching
36:39 Stone Mining
37:27 Architecture
37:56 Banking
38:05 Chain Barding Armor
37:48 Scale Mail Armor
38:09 Husbandry
39:48 Tusk Swords
39:19 Sappers
39:51 Heated Shot
44:10 Plate Barding Armor
43:51 Chain Mail Armor
43:48 Forging
43:34 Bodkin Arrow
43:40 Padded Archer Armor
51:03 Elite Battle Elephant
51:04 Cavalier
51:06 Light Cavalry
51:56 Bloodlines
QingTEA
10:16 Feudal Age
12:13 Double-Bit Axe
14:38 Castle Age
13:48 Horse Collar
16:39 Wheelbarrow
16:56 Bow Saw
17:14 Loom
17:43 Heavy Plow
21:28 Stone Mining
26:08 Hand Cart
26:26 Gold Mining
26:36 Fletching
30:35 Imperial Age
28:14 Padded Archer Armor
28:32 Bodkin Arrow
28:23 Treadmill Crane
29:49 Caravan
30:54 Stone Shaft Mining
30:49 Silk Road
31:08 Ballistics
31:21 Coinage
31:24 Leather Archer Armor
31:27 Thumb Ring
31:53 Conscription
32:05 Bracer
33:12 Chemistry
33:45 Ring Archer Armor
33:15 Scale Mail Armor
33:11 Elite Genoese Crossbowman
35:20 Two-Man Saw
35:02 Crop Rotation
35:15 Hoardings
34:46 Light Cavalry
35:37 Bloodlines
35:28 Husbandry
35:31 Town Watch
36:06 Forging
36:02 Scale Barding Armor
36:41 Fortified Wall
36:53 Hussar
38:37 Chain Barding Armor
38:53 Iron Casting
39:34 Banking
39:15 Guilds
39:07 Elite Skirmisher
40:47 Plate Barding Armor
45:23 Blast Furnace
46:50 Chain Mail Armor
54:42 Plate Mail Armor
54:14 Squires
54:00 Arson
54:40 Crossbowman
kddk
1:08 Loom
1:33 Loom
14:06 Feudal Age
14:37 Double-Bit Axe
18:57 Castle Age
17:27 Horse Collar
20:40 Bow Saw
21:22 Wheelbarrow
27:21 Heavy Plow
27:34 Fervor
31:32 Hand Cart
31:38 Town Watch
34:48 Imperial Age
34:32 Chemistry
33:53 Ballistics
34:04 Forging
33:55 Scale Mail Armor
34:32 Padded Archer Armor
34:23 Fletching
33:55 Pikeman
34:36 Squires
33:57 Man-at-Arms
37:24 Iron Casting
37:04 Chain Mail Armor
37:05 Leather Archer Armor
36:46 Bodkin Arrow
36:57 Siege Engineers
37:04 Masonry
37:04 Fortified Wall
38:10 Two-Man Saw
37:54 Wagenburg Tactics
38:10 Conscription
37:13 Halberdier
38:06 Guilds
41:17 Fortified Wall
41:02 Murder Holes
41:38 Architecture
42:42 Blast Furnace
42:13 Plate Mail Armor
42:13 Ring Archer Armor
41:44 Bracer
42:02 Elite Hussite Wagon
42:07 Houfnice
43:34 Arrowslits
44:51 Long Swordsman
46:52 Two-Handed Swordsman
47:17 Arson
51:10 Caravan
51:32 Champion
Connection lost

Rejoining the realm…

Still unreachable

The connection could not be restored.

Session expired

The server has moved on; the page needs a fresh start.